 Dungeon Crawl Stone Soup version 0.29.1-15-g9cfb28693d (webtiles) character file.

Game seed: 10040710316755633563

86 Ast3rio the Grave Robber (level 4, -3/24 HPs)
             Began as a Deep Elf Necromancer on Mar 13, 2023.
             Was a Follower of Qazlal.
             Slain by a gnoll
             ... wielding a +0 spear
             ... led by a gnoll bouda
              (5 damage)
             ... on level 3 of the Dungeon.
             The game lasted 00:06:54 (1954 turns).

Ast3rio the Grave Robber (Deep Elf Necromancer)     Turns: 1954, Time: 00:06:54

Health: -3/24      AC:  5    Str:  5    XL:     4   Next: 27%
Magic:  3/11       EV: 13    Int: 22    God:    Qazlal [*.....]
Gold:   78         SH:  2    Dex: 15    Spells: 9/10 levels left

rFire   . . .      SeeInvis .   (no weapon)
rCold   . . .      Faith    .   (no shield)
rNeg    . . .      Spirit   .   a - +0 robe
rPois   .          Reflect  .   (no helmet)
rElec   .          Harm     .   (no cloak)
rCorr   .          Rampage  .   n - +2 pair of gloves
Will    .....                   (no boots)
Stlth   ++........              (no amulet)
HPRegen 0.08/turn               (no ring)
MPRegen 0.12/turn               (no ring)

@: no status effects
A: no striking features
a: Renounce Religion


You were on level 3 of the Dungeon.
You worshipped Qazlal.
Qazlal was aware of your devotion.
You visited 1 branch of the dungeon, and saw 3 of its levels.

You collected 78 gold pieces.

Inventory:

Armour
 a - a +0 robe (worn)
 n - a +2 pair of gloves (worn)
Scrolls
 c - a scroll of enchant weapon {unknown}
 d - 3 scrolls of blinking {unknown}
 f - 2 scrolls of fear {unknown}
 i - 2 scrolls of immolation
 j - a scroll of enchant armour {unknown}
 l - a scroll of torment {unknown}
 m - a scroll of identify {unknown}
 o - a scroll of vulnerability {unknown}
Potions
 b - a potion of magic
 e - 2 potions of brilliance {unknown}
 g - 5 potions of curing {unknown}
 h - a potion of resistance {unknown}
 k - 2 potions of mutation {unknown}


   Skills:
 + Level 3.5 Dodging
 + Level 3.6 Stealth
 + Level 3.9 Spellcasting
 + Level 5.5 Necromancy


You had 9 spell levels left.
You knew the following spells:

 Your Spells              Type           Power      Damage    Failure   Level
a - Necrotise             Necr           100%       1d9       1%          1

Your spell library contained the following spells:

 Spells                   Type           Power      Damage    Failure   Level
 Vampiric Draining        Necr           28%        2d8       3%          3
 Animate Dead             Necr           28%        N/A       12%         4
 Agony                    Necr           28%        N/A       32%         5


Dungeon Overview and Level Annotations

Branches:
Dungeon (3/15)

Altars:
Qazlal

Shops:
D:1 =


Message History

The gnoll bouda writhes in agony!
The gnoll bouda barely misses you.
The gnoll hits you from afar with a +0 spear.
Casting: Necrotise (safe; 1% risk of failure)
Confirm with . or Enter, or press ? or * to list all spells.
You don't know that spell.
Casting: Necrotise (safe; 1% risk of failure)
Confirm with . or Enter, or press ? or * to list all spells.
Aiming: Necrotise (safe; 1% risk of failure)
Press: ? - help, Shift-Dir - straight line, f/p - gnoll bouda
Aim: a gnoll bouda, wielding a +0 whip and wearing a +0 leather armour (severely wounded, ally target, chance to affect: 83%)
The gnoll bouda writhes in agony!
You kill the gnoll bouda!
Qazlal accepts your kill.
The dead are walking!
The gnoll misses you.
You have reached level 4!
You feel clever.
You swap places.
The gnoll hits you from afar with a +0 spear.
The gnoll misses you.
Things that are here:
a +0 whip; a +0 leather armour
Casting: Necrotise (safe; 1% risk of failure)
Confirm with . or Enter, or press ? or * to list all spells.
Aiming: Necrotise (safe; 1% risk of failure)
Press: ? - help, Shift-Dir - straight line, f - gnoll
Aim: a gnoll, wielding a +0 spear (covering ground quickly, ally target, chance to affect: 88%)
The gnoll barely resists.
The gnoll hits you from afar with a +0 spear.
* * * LOW HITPOINT WARNING * * *
The gnoll barely misses you.
Casting: Necrotise (safe; 1% risk of failure)
Confirm with . or Enter, or press ? or * to list all spells.
Aiming: Necrotise (safe; 1% risk of failure)
Press: ? - help, Shift-Dir - straight line, f/p - gnoll
Aim: a gnoll, wielding a +0 spear (covering ground quickly, ally target, chance to affect: 88%)
The gnoll writhes in agony.
The gnoll hits you from afar with a +0 spear.
* * * LOW HITPOINT WARNING * * *
The gnoll hits you with a +0 spear.
You die...

####### #<....##.
###########........
.)..Sgg@ZZ.........
###########..##.###
#..# # #..# #..#
#..# ...# #.#


You could see 2 gnolls, a ball python, a friendly gnoll skeleton and a friendly
gnoll bouda skeleton.

Vanquished Creatures
  A gnoll bouda (D:3)
  An adder (D:2)
  A gnoll (D:3)
  3 dart slugs (D:1)
  2 endoplasms (D:1)
  A giant cockroach (D:1)
  5 goblins
  2 hobgoblins (D:1)
  2 ball pythons (D:1)
  4 bats
  2 frilled lizards
  5 kobolds
  4 rats
33 creatures vanquished.

Notes
Turn   | Place    | Note
-------+----------+-------------------------------------------
     0 | D:1      | Ast3rio the Deep Elf Necromancer began the quest for the
                  | Orb.
     0 | D:1      | Reached XP level 1. HP: 10/10 MP: 6/6
   219 | D:1      | Reached skill level 5 in Necromancy
   219 | D:1      | Reached XP level 2. HP: 15/15 MP: 4/8
   643 | D:1      | Found a faded altar of an unknown god.
  1103 | D:1      | Found Avioqest's Jewellery Shop.
  1200 | D:1      | Reached XP level 3. HP: 19/19 MP: 6/10
  1329 | D:1      | Prayed at the altar of an unknown god.
  1329 | D:1      | Became a worshipper of Qazlal Stormbringer
  1329 | D:1      | Reached * piety under Qazlal
  1952 | D:3      | Reached XP level 4. HP: 16/24 MP: 4/11
  1954 | D:3      | Slain by a gnoll

Illustrated notes

Levels and vault maps discovered:
D:1:      dpeg_arrival_pits, layout_loops_ring,
          hellmonk_ecumenical_altar_blasted, serial_shops, shop_statue
D:2:      layout_loops_cross, minmay_tetromino_s2
D:3:      corexii_shack_village, layout_loops_ring,
          dilly_guarded_unrand_throatcut, uniq_crazy_yiuf_cottage, uniq_sigmund,
          uniq_ijyb

Skill      XL: |  1  2 |
---------------+-------+-----
Necromancy     | 5 |  5.5
Stealth        | 3 |  3.6
Dodging        | 3 |  3.5
Spellcasting   | |  3.9

Action                   |  1- 3 |  4- 6 || total
-------------------------+-------+-------++-------
Melee: Unarmed           |     3 |       ||     3
 Cast: Necrotise         |    62 |     2 ||    64
 Stab: Distracted        |     1 |       ||     1
Armor: Robe              |     4 |       ||     4
Dodge: Dodged            |    21 |     2 ||    23
